 Dungeon Crawl Stone Soup version 0.15.2 (webtiles) character file.

179720 magipi the Champion of Chaos (level 17, -3/97 HPs)
             Began as a Tengu Fire Elementalist on May 9, 2015.
             Was the Champion of Makhleb.
             Killed from afar by a shock serpent (15 damage)
             ... with a bolt of electricity
             ... on Level 3 of the Snake Pit on May 23, 2015.
             The game lasted 05:29:22 (47937 turns).

magipi the Champion of Chaos (TeFE)                Turns: 47937, Time: 05:29:22

HP  -3/97        AC 11     Str 12      XL: 17   Next: 90%
MP  31/34        EV 21     Int 22      God: Makhleb [******]
Gold 3416        SH  9     Dex 17      Spells:  7 memorised,  7 levels left

rFire  + + .     SeeInvis .     L - +4 dagger (distort)
rCold  + . .     Clarity  .     V - +0 leather armour of the Flute {rF++ rC+ Int+2}
rNeg   . . .     rCorr    +     d - +3 buckler
rPois  +         rRot     .     (helmet restricted)
rElec  .         Spirit   .     I - +2 cloak
SustAb .         Warding  .     X - +2 pair of gloves {Str+3}
rMut   .         Stasis   .     (boots unavailable)
Gourm  .                        z - amulet of resist corrosion
MR     +....                    p - ring of poison resistance
                                y - ring of invisibility

@: flying quickly and evasively, very slightly contaminated, quick, somewhat
resistant to hostile enchantments, quite stealthy
A: able to fly continuously, beak, talons 3
a: Stop Flying, Minor Destruction, Lesser Servant of Makhleb, Major Destruction,
Greater Servant of Makhleb, Renounce Religion, Evoke Invisibility
}: 1/15 runes: decaying


You were on level 3 of the Snake Pit.
You worshipped Makhleb.
Makhleb was exalted by your worship.
You were not hungry.

You visited 6 branches of the dungeon, and saw 36 of its levels.
You also visited: Labyrinth, Sewer, Bailey and Ice Cave.

You collected 3416 gold pieces.

Inventory:

Hand weapons
 D - a +3 bastard sword of electrocution
 L - a +4 dagger of distortion (weapon)
Missiles
 j - 7 poisoned javelins (quivered)
 q - a throwing net
Armour
 d - a +3 buckler (worn)
 I - a +2 cloak (worn)
 V - the +0 leather armour of the Flute (worn) {rF++ rC+ Int+2}
   (You found it on level 2 of the Lair of Beasts)

   It affects your intelligence (+2).
   It greatly protects you from fire.
   It protects you from cold.
 X - a +2 pair of gloves of strength (worn)
Magical devices
 h - a wand of digging (10)
 k - a wand of digging (16)
 C - a wand of magic darts (10)
 K - a wand of polymorph (9)
 S - a wand of confusion (3)
 W - a wand of cold (8)
Comestibles
 c - 9 bread rations
 u - a beef jerky
 x - 11 meat rations
Scrolls
 m - 2 scrolls of recharging
 n - a scroll of blinking
 r - 2 scrolls of fog
 s - 7 scrolls of teleportation
 t - a scroll of identify
 w - 9 scrolls of remove curse
 E - 4 scrolls of fear
 J - 6 scrolls of summoning
 Q - 2 scrolls of enchant armour
 U - a scroll of magic mapping
 Z - 4 scrolls of enchant weapon
Jewellery
 e - an uncursed ring of teleportation
 p - a ring of poison resistance (right hand)
 y - a ring of invisibility (left hand)
 z - an amulet of resist corrosion (around neck)
 A - an uncursed ring of protection from cold
 G - an uncursed ring of teleport control
 N - an uncursed ring of protection from magic
 T - an uncursed ring of positive energy
Potions
 a - 6 potions of heal wounds
 b - 5 potions of porridge
 f - 3 potions of berserk rage
 g - 5 potions of haste
 i - 4 potions of cancellation
 l - 10 potions of might
 o - 2 potions of magic
 v - 15 potions of curing
 B - 3 potions of cure mutation
 M - 4 potions of resistance
 O - 4 potions of invisibility
 P - 2 potions of restore abilities
 R - 6 potions of agility
Books
 F - a book of Fire

   Spells                             Type                      Level
   *Ignite Poison                     Fire/Transmutation           5
   *Fireball                          Conjuration/Fire             5
   Bolt of Fire                       Conjuration/Fire             6
   Delayed Fireball                   Conjuration/Fire             7
   Ring of Flames                     Charms/Fire                  7
 H - a book of Alchemy

   Spells                             Type                      Level
   Sublimation of Blood               Necromancy                   2
   Alistair's Intoxication            Transmutation/Poison         4
   Condensation Shield                Ice                          4
   Petrify                            Transmutation/Earth          4
   *Ignite Poison                     Fire/Transmutation           5
 Y - a book of Spatial Translocations

   Spells                             Type                      Level
   *Apportation                       Translocation                1
   *Blink                             Translocation                2
   Shroud of Golubria                 Charms/Translocation         2
   Portal Projectile                  Translocation                3
   Teleport Other                     Translocation                3
   Passage of Golubria                Translocation                4


   Skills:
 - Level 8.1 Fighting
 - Level 10.3 Short Blades
 - Level 10.4 Armour
 - Level 9.0 Dodging
 - Level 10.7 Stealth
 - Level 5.0 Shields
 - Level 6.0 Spellcasting
 - Level 11.0 Conjurations
 - Level 3.3 Translocations
 + Level 6.8 Transmutations
 - Level 11.0 Fire Magic
 - Level 14.8 Invocations
 - Level 10.0 Evocations


You had 7 spell levels left.
You knew the following spells:

 Your Spells              Type           Power        Failure   Level  Hunger
a - Flame Tongue          Conj/Fire      #####        1%          1    None
b - Conjure Flame         Conj/Fire      ######..     1%          3    ##.....
c - Sticky Flame          Conj/Fire      ######..     1%          4    ###....
d - Fireball              Conj/Fire      ######....   2%          5    #####..
e - Apportation           Tloc           ###.......   2%          1    None
f - Ignite Poison         Fire/Trmt      #####.....   10%         5    #####..
B - Blink                 Tloc           N/A          4%          2    None


Dungeon Overview and Level Annotations

Branches:
Dungeon (15/15) Temple (1/1) D:5 Orc (4/4) D:12 Elf (0/3) Orc:3 Lair (8/8) D:11 Swamp (5/5) Lair:4 Snake (3/5) Lair:4 Slime (0/6) Lair:8 Vaults (0/5) D:12 D:13 Depths: D:15

Altars:
Ashenzari
Cheibriados
Dithmenos
Elyvilon
Fedhas
Kikubaaqudgha
Makhleb
Nemelex Xobeh
Okawaru
Qazlal
Sif Muna
Trog
Vehumet
Xom
Yredelemnul
Zin
The Shining One
Beogh

Shops:
D:4 =:=   D:11 *   Orc:4 ((*(

Portals:
Trove: D:10 (give wand of hasting (9))

Annotations:
D:3 magipi's ghost, average TeFE
D:5 magipi's ghost, experienced TeFE
D:13 Erolcha
D:15 exclusion: tengu conjurer
Lair:2 trelanon's ghost, powerful VSAs
Lair:3 2 exclusions
Lair:5 Rupert
Swamp:2 Frances
Abyss:1 Harold; Ijyb; Josephine


Innate Abilities, Weirdness & Mutations

You can fly continuously.
You have a beak for a mouth.
You have claws for feet.

Vault maps used:
D:1:      saegor_arrival_fortress
D:2:      nicolae_overflow_hidden_temple
D:4:      portal_sewer_entry_d, serial_shops,
          nicolae_shop_temple_entry_statues_fountains, kennysheep_mini_moat,
          shop, uniq_eustachio
D:5:      minmay_temple_entry_mist, first_bread, guppyfry_early_orc_mine,
          uniq_prince_ribbit1, uniq_pikel
D:6:      tso_altar, uniq_iyjb, uniq_natasha
D:7:      beetle_altar_1, vehumet_crystals, grunt_dithmenos_smoke
D:9:      hangedman_tell_no_tales, laboratory
D:10:     nicolae_trove_entry_crystal
D:11:     lair_0_dummy, nicolae_blasting_shop
D:12:     minmay_orc_entry_temple_small, minmay_door_square, minivault_14
D:13:     minmay_connected_boxes_in_corner, david_vaults_3, uniq_erolcha,
          uniq_josephine
D:14:     serial_column_ruins, column_ruins_hut, column_ruins_square_large,
          column_ruins_open_small_water, column_ruins_columns_straight,
          column_ruins_open_small_water, column_ruins_open_medium,
          column_ruins_columns_corner, column_ruins_columns_corner,
          bh_hangedman_babel_library
D:15:     hangedman_depths_entry_civil_slaughter
Temple:   circular_temple_13
Orc:2:    enter_bailey_5, basic_altar, nicolae_orc_pool_cavern
Orc:4:    minmay_goldmine, portal_ice_cave_entry_imps, st_orc_pillars
Lair:1:   beast_lair_carwin_large_1, grunt_megastairs_3, uniq_harold
Lair:2:   columned_hall_lemuel, ice2_lemuel
Lair:3:   minmay_lair_goldilocks, grunt_megastairs_4
Lair:4:   swamp_mist, guppyfry_snake_entry_island, lab_entry_generic,
          uniq_snorg, uniq_erica
Lair:5:   beast_lair_carwin_9, grunt_megastairs_2, serial_bayou_shore_b,
          uniq_rupert
Lair:6:   serial_bayou_shore_b
Lair:7:   nicolae_quartered_pool_super, st_stairs_7, lemuel_fruit_fields,
          uniq_maud
Lair:8:   wormcave, guppyfry_lair_end_dragon, slime_dummy, serial_bayou_lake_a
Swamp:1:  evilmike_swamp_ruin_house_3, uniq_sonja
Swamp:2:  hangedman_swamp_diagram, infiniplex_staircase_pool, uniq_frances
Swamp:3:  nicolae_swamp_rocky_clearing
Swamp:4:  evilmike_swamp_ruin_house_6
Swamp:5:  swamp_alternative, swamp_pool3, uniq_mara
Snake:1:  basic_altar
Snake:2:  evilmike_ambush, grunt_megastairs_5
Lab:      labyrinth_watery, nicolae_lab_quarters, nicolae_lab_grate_2,
          labyrinth_skeletal_remains
Sewer:    sewer_big_baddie
Bailey:   bailey_polearm_5, bailey
IceCv:    ice_cave_tombish


Message History

The naga shouts!
n - 2 scrolls of blinking (gained 1)
You flicker for a moment.
A black mamba comes into view.
You flicker back into view.
A naga sharpshooter comes into view. It is wielding a battleaxe.
The naga sharpshooter shouts!
You see here a scale mail.
The black mamba hisses angrily.
The black mamba completely misses you. The black mamba barely misses you.
The black mamba barely misses you.
Casting: Sticky Flame
Confirm with . or Enter, or press ? or * to list all spells.
Aiming: Sticky Flame
Press: ? - help, Shift-Dir - straight line, f - black mamba
Aim: a black mamba The sticky flame hits the black mamba.
The black mamba is lightly wounded.
The black mamba is covered in liquid flames!
The black mamba burns!
The black mamba completely misses you. The black mamba closely misses you.
Unknown command.
You hit the black mamba.
The black mamba is devoured by a tear in reality.
Unknown command.
You start resting.
Magic restored.
You start waiting.
The naga sharpshooter shouts!
The naga sharpshooter unwields an uncursed battleaxe.
The naga sharpshooter wields a runed longbow.
It bursts into flame!
The naga sharpshooter shoots an arrow.
The arrow misses you.
You hit the naga sharpshooter.
You peck the naga sharpshooter, but do no damage.
The naga sharpshooter is lightly wounded.
The naga sharpshooter blinks!
The naga sharpshooter mumbles some strange words.
The naga sharpshooter magically shoots an arrow.
The arrow hits you! The arrow burns you.
You see here 2 arrows.
You start resting.
The naga sharpshooter shoots an arrow.
You block the arrow.
You see here an arrow.
Casting: Sticky Flame
Confirm with . or Enter, or press ? or * to list all spells.
Aiming: Sticky Flame
Press: ? - help, Shift-Dir - straight line, f - naga sharpshooter
Aim: a naga sharpshooter, wielding a longbow of flaming The sticky flame hits the naga sharpshooter.
The naga sharpshooter appears unharmed.
The naga sharpshooter is covered in liquid flames!
The naga sharpshooter burns!
The naga sharpshooter mumbles some strange words.
The naga sharpshooter magically shoots an arrow.
The arrow hits you! The arrow burns you.
You hit the naga sharpshooter.
Space bends around the naga sharpshooter.
Your kick misses the naga sharpshooter.
The naga sharpshooter is moderately wounded.
The naga sharpshooter shoots an arrow.
The arrow barely misses you.
You hit the naga sharpshooter but do no damage.
You claw the naga sharpshooter, but do no damage.
Your peck misses the naga sharpshooter.
The naga sharpshooter is moderately wounded.
The naga sharpshooter burns!
You hit the naga sharpshooter but do no damage.
Space warps horribly around the naga sharpshooter!
You claw the naga sharpshooter. Your peck misses the naga sharpshooter.
The naga sharpshooter is severely wounded.
You hit the naga sharpshooter.
Space bends around the naga sharpshooter.
You peck the naga sharpshooter, but do no damage.
The naga sharpshooter is severely wounded.
The naga sharpshooter burns!
The naga sharpshooter stops burning.
The naga sharpshooter mumbles some strange words.
The naga sharpshooter magically shoots an arrow.
The arrow hits you! The arrow burns you.
You hit the naga sharpshooter.
The naga sharpshooter is almost dead.
The naga sharpshooter blinks!
The naga sharpshooter shoots an arrow.
The arrow barely misses you.
The shock serpent shoots out a bolt of electricity!
The bolt of electricity hits you! x2
* * * LOW HITPOINT WARNING * * *
The bolt of electricity hits the shock serpent.
The shock serpent completely resists.
The naga sharpshooter shoots an arrow.
The arrow hits you!
* * * LOW HITPOINT WARNING * * *
The arrow burns you.
* * * LOW HITPOINT WARNING * * *
You see here an arrow.
Read which item? (? for menu, Esc to quit)
Blink to where?
Press: ? - help, Dir - move target cursor, p - naga sharpshooter
As you read the scroll of blinking, it crumbles to dust.
The shock serpent shoots out a bolt of electricity!
The bolt of electricity hits you!
You die...

###.........###.##.####.....#####
..............(..............(...
.............#.##..#######..(###.
##..#.......(#.##.## #....).# #.
...##...##S(...N.:#####...#### #<
..###....#..(...###.......### ##
..###...(...#...# #.........### #
...##.......##(####......##...###
...####.#.<.....@...)............
...# #.[..###...#....#...###.###
..## #.>### #.).#)..#....# .# $..
#..# #..>#####.#### ... #..##
##### ..# .... #.. #.## .#.. .N.
.. . . .##. .# . ..


You could see a shock serpent.

Table legend:
 A = Kills in this place as a percentage of kills in entire the game.
 B = Kills by you in this place as a percentage of kills by you in the entire game.
 C = Kills by friends in this place as a percentage of kills by friends in the entire game.
 D = Other kills in this place as a percentage of other kills in the entire game.
 E = Experience gained in this place as a percentage of experience gained in the entire game.
 F = Experience gained in this place divided by the number of levels of this place that you have seen.
                   A       B       C       D       E      F
               +-------+-------+-------+-------+-------+----------------------
         Total | 100.0 | 100.0 |  -nan | 100.0 | 100.0 | 5950.9
       Dungeon |  38.4 |  38.7 |  -nan |  34.0 |  30.1 | 4775.4
  Orcish Mines |  18.1 |  18.3 |  -nan |  16.5 |   6.4 | 3823.2
          Lair |  22.7 |  22.7 |  -nan |  22.7 |  21.0 | 6235.6
         Swamp |  10.6 |  10.3 |  -nan |  15.5 |  24.3 | 11579.0
     Snake Pit |   5.5 |   5.3 |  -nan |   8.2 |  13.5 | 10703.3
     Labyrinth |   0.1 |   0.1 |  -nan |   0.0 |   0.4 | 1058.0
         Sewer |   0.1 |   0.1 |  -nan |   0.0 |   0.0 |   2.0
        Bailey |   2.8 |   2.9 |  -nan |   1.0 |   1.9 | 4436.0
      Ice Cave |   1.7 |   1.7 |  -nan |   2.1 |   2.4 | 5725.0
               +-------+-------+-------+-------+-------+----------------------

Vanquished Creatures
  A thorn hunter (Swamp:4)
  Donald (D:13)
  Maud (Lair:7)
  A very ugly thing (Swamp:3)
  Snorg (Lair:4)
  A minotaur (Lab)
  2 fire dragons (Lair:8)
  15 hydras
  2 naga warriors (Snake:2)
  5 shambling mangroves
  A ravenous feature mimic (Swamp:5)
  6 centaur warriors
  Erica (Lair:4)
  6 alligators
  2 anacondas
  2 tengu warriors
  3 death yaks (Lair:5)
  4 orc high priests (Orc:4)
  4 naga sharpshooters
  2 shock serpents (Snake:2)
  4 spriggans
  5 unseen horrors
  A spriggan druid (Swamp:4)
  5 large abominations (D:9)
  2 lindwurms (Lair:8)
  7 swamp dragons
  An ice devil (IceCv)
  An ice statue (IceCv)
  4 naga ritualists
  11 orc knights
  2 wizards
  A red wasp (shapeshifter) (D:15)
  An orc sorcerer (D:15)
  3 mana vipers
  5 hill giants
  A wolf spider (Lair:6)
  2 cyclopes (D:13)
  9 ugly things
  2 red wasps (Swamp:2)
  A necromancer (IceCv)
  2 salamanders
  2 elephants (Lair:5)
  A black mamba (shapeshifter) (D:15)
  A manticore (D:13)
  23 black mambas
  16 spiny frogs
  3 naga magi (Snake:2)
  A guardian serpent (Snake:2)
  A kobold demonologist (D:14)
  5 yaktaurs (D:15)
  11 fire drakes
  9 blue devils (IceCv)
  2 tengu conjurers
  6 komodo dragons
  4 trolls
  4 two-headed ogres
  Sonja (Swamp:1)
  Prince Ribbit (D:5)
  9 giant leeches
  11 blink frogs
  A baby alligator (shapeshifter) (D:15)
  3 polar bears
  5 bog bodies
  18 slime creatures
  2 trapdoor spiders (D:12)
  12 ravens
  2 basilisks (Lair:8)
  15 humans
  A wyvern (Lair:4)
  2 shadows (D:15)
  A hill giant zombie (D:13)
  A wraith (D:12)
  23 yaks
  Eustachio (D:4)
  6 deep elf magi
  A steam dragon (D:10)
  A hill giant skeleton (D:13)
  8 hippogriffs
  3 hungry ghosts
  12 vampire mosquitoes
  15 nagas
  3 wargs
  10 swamp worms
  7 porcupines
  7 small abominations (D:9)
  6 wolves (Lair:4)
  A soldier ant (D:12)
  A human skeleton (D:15)
  5 mottled dragons
  2 necrophages
  51 orc warriors
  11 swamp drakes
  10 ogres
  4 sky beasts
  35 water moccasins
  3 slaves (D:5)
  2 yellow wasps
  2 black bears (Lair:3)
  2 phantoms
  13 ice beasts
  2 boring beetles
  21 centaurs
  A big kobold (D:13)
  28 crocodiles
  A hill giant simulacrum (D:13)
  4 brain worms
  30 giant frogs
  17 insubstantial wisps
  A cyclops zombie (D:13)
  A yaktaur skeleton (D:15)
  5 scorpions
  A troll zombie (D:9)
  23 killer bees
  2 eyes of draining
  A tengu skeleton (D:13)
  2 spriggan skeletons (D:9)
  4 wights (D:11)
  A goliath beetle (shapeshifter) (D:13)
  4 goliath beetles
  9 hounds
  4 draconian simulacra (IceCv)
  2 quasits
  11 crimson imps
  2 electric eels
  2 human zombies (D:13)
  2 centaur skeletons (D:9)
  2 centaur zombies
  A cyclops simulacrum (D:15)
  19 iguanas
  4 jellies
  18 orc wizards
  A two-headed ogre zombie (D:13)
  39 orc priests
  8 worker ants
  Natasha (thrice) (D:6)
  2 troll simulacra (IceCv)
  3 orange rats (Lair:8)
  27 sheep
  A mottled dragon zombie (D:12)
  A mottled dragon skeleton (D:14)
  An ogre skeleton (D:9)
  A mummy (D:9)
  An ogre simulacrum (IceCv)
  56 green rats
  A scorpion zombie (D:7)
  A gnoll zombie (D:9)
  22 adders
  3 naga simulacra (IceCv)
  3 giant mites
  An orc skeleton (D:4)
  11 white imps
  16 worms
  An inept feature mimic (D:4)
  10 shadow imps
  2 adder zombies
  An adder skeleton (D:9)
  A giant gecko (D:2)
  An ooze (D:5)
  227 orcs
  2 ball pythons
  12 bats
  A bat zombie (D:5)
  2 giant cockroaches
  25 hobgoblins
  17 kobolds
  13 quokkas
  A giant gecko skeleton (D:6)
  4 giant newts
  A giant newt skeleton (D:4)
  A giant spore (D:12)
  19 goblins
  A hobgoblin skeleton (D:3)
  6 jackals
  A quokka skeleton (D:10)
  13 rats
  A rat zombie (D:8)
  2 ballistomycetes (D:12)
  A plant (Lair:8)
1343 creatures vanquished.

Vanquished Creatures (others)
  A thorn hunter (Swamp:2)
  An orc warlord (D:13)
  The ghost of trelanon the Unseen, a mighty VSBe of Trog (D:15)
  2 hydras
  A centaur warrior (D:15)
  An anaconda (Snake:2)
  A death yak (Lair:5)
  2 alligators (Swamp:3)
  A skeletal warrior (D:13)
  A hill giant (D:15)
  An ice statue (IceCv)
  2 orc knights (Orc:4)
  2 salamanders (Snake:2)
  2 ugly things
  A black mamba (Snake:3)
  2 komodo dragons
  A blue devil (IceCv)
  A giant leech (Lair:8)
  A bog body (Swamp:1)
  A raven (Swamp:4)
  A basilisk (D:13)
  A deep elf mage (D:9)
  A hungry ghost (D:15)
  A hippogriff (Lair:6)
  A shadow (Swamp:4)
  4 yaks
  2 vampire mosquitoes
  A human (D:13)
  4 swamp worms
  2 nagas
  A swamp drake (Swamp:5)
  2 water moccasins
  2 orc warriors (D:15)
  A porcupine (Lair:1)
  2 phantoms
  An ogre (D:12)
  2 crocodiles
  A centaur (D:15)
  An insubstantial wisp (Swamp:2)
  A crimson imp (D:12)
  4 orc priests
  3 hounds
  An iguana (Lair:6)
  A worker ant (D:9)
  A sheep (Lair:5)
  4 green rats
  A shadow imp (D:6)
  2 worms (Lair:8)
  2 white imps (Orc:4)
  14 orcs
  A hobgoblin (D:4)
  A kobold (D:8)
  A quokka (Lair:2)
  8 fungi
  7 plants
109 creatures vanquished.

Grand Total: 1452 creatures vanquished

Notes
Turn   | Place    | Note
--------------------------------------------------------------
     0 | D:1      | magipi, the Tengu Fire Elementalist, began the quest for the Orb.
     0 | D:1      | Reached XP level 1. HP: 10/10 MP: 3/3
   148 | D:1      | Reached XP level 2. HP: 15/15 MP: 0/5
   841 | D:2      | Reached skill level 4 in Fire Magic
   842 | D:2      | Reached XP level 3. HP: 19/19 MP: 4/7
  1333 | D:2      | Reached XP level 4. HP: 22/24 MP: 4/8
  1344 | D:2      | Learned a level 3 spell: Conjure Flame
  1507 | D:2      | Found a shadowy altar of Dithmenos.
  1612 | D:3      | Noticed magipi's ghost (average TeFE)
  2388 | D:4      | Found Xofuhi Puts' Jewellery Boutique.
  2432 | D:4      | Found Tuopnaih's Book Shoppe.
  2448 | D:4      | Reached skill level 7 in Fighting
  2448 | D:4      | Reached skill level 9 in Dodging
  2448 | D:4      | Reached XP level 5. HP: 22/39 MP: 5/11
  2479 | D:4      | Found a glowing drain.
  2495 | Sewer    | Entered a sewer
  2495 | Sewer    | Noticed emiel's ghost (average DrMo)
  2515 | Sewer    | Noticed Purgy
  2551 | D:4      | Learned a level 4 spell: Sticky Flame
  2565 | D:4      | Reached XP level 6. HP: 23/44 MP: 2/12
  2801 | D:4      | Found Liliev's Jewellery Shop.
  2825 | D:4      | Noticed Eustachio
  2860 | D:4      | Killed Eustachio
  2860 | D:4      | Reached skill level 5 in Fire Magic
  3055 | D:4      | Reached skill level 5 in Conjurations
  3370 | D:5      | Entered Level 5 of the Dungeon
  3372 | D:5      | Noticed Prince Ribbit
  3822 | D:5      | Reached XP level 7. HP: 46/48 MP: 9/14
  4152 | D:5      | Killed Prince Ribbit
  4187 | D:5      | Reached XP level 8. HP: 37/54 MP: 5/16
  4388 | D:5      | Noticed Pikel
  4778 | D:5      | Noticed Pikel
  4778 | D:5      | Pikel changed into Pikel the crocodile
  4788 | D:5      | Killed Pikel the crocodile
  5144 | D:5      | Noticed magipi's ghost (experienced TeFE)
  5228 | D:6      | Noticed Ijyb
  5231 | D:6      | Banished Ijyb
  5240 | D:6      | Reached skill level 1 in Short Blades
  5369 | D:6      | Noticed Natasha
  5380 | D:6      | Killed Natasha
  5524 | D:6      | Reached XP level 9. HP: 59/59 MP: 13/21
  5702 | D:6      | Noticed Natasha
  5720 | D:6      | Killed Natasha
  5777 | D:6      | Found a glowing golden altar of the Shining One.
  5806 | D:6      | Noticed Natasha
  5810 | D:6      | Killed Natasha
  6116 | D:7      | Found a snail-covered altar of Cheibriados.
  6126 | D:7      | Found a shadowy altar of Dithmenos.
  6306 | D:7      | Found a radiant altar of Vehumet.
  6421 | D:7      | Reached skill level 5 in Short Blades
  7763 | D:8      | Reached XP level 10. HP: 59/64 MP: 14/22
  8180 | D:9      | Noticed a wizard
  8199 | D:9      | Killed a wizard
  8212 | D:9      | Noticed a large abomination
  8212 | D:9      | Noticed a large abomination
  8280 | D:9      | Reached skill level 10 in Short Blades
  9170 | D:9      | Noticed an unseen horror
  9176 | D:9      | Killed an unseen horror
  9449 | D:9      | Noticed a large abomination
  9449 | D:9      | Noticed a large abomination
  9456 | D:9      | Killed a large abomination
  9456 | D:9      | Reached XP level 11. HP: 26/68 MP: 16/23
  9459 | D:9      | Noticed a large abomination
  9473 | D:9      | Killed a large abomination
  9476 | D:9      | Killed a large abomination
  9480 | D:9      | Killed a large abomination
  9807 | D:9      | Killed a large abomination
 10660 | D:5      | Found a staircase to the Ecumenical Temple.
 10670 | Temple   | Entered the Ecumenical Temple
 10710 | Temple   | Became a worshipper of Makhleb the Destroyer
 10845 | D:10     | Entered Level 10 of the Dungeon
 10899 | D:10     | Found a portal to a secret trove of treasure.
 10952 | D:10     | Learned a level 5 spell: Fireball
 11056 | D:10     | Noticed an unseen horror
 11059 | D:10     | Killed an unseen horror
 11059 | D:10     | Reached skill level 10 in Conjurations
 11585 | D:10     | Reached skill level 1 in Shields
 11592 | D:10     | Acquired Makhleb's first power
 11961 | D:11     | Found Shraeff's Demolitions Depot.
 12136 | D:11     | Acquired Makhleb's second power
 12387 | D:11     | Reached skill level 5 in Shields
 12486 | D:11     | Reached XP level 12. HP: 73/73 MP: 21/24
 12509 | D:11     | Found a staircase to the Lair.
 12651 | Lair:1   | Entered Level 1 of the Lair of Beasts
 12721 | Lair:1   | Got an amber-studded leather armour
 12852 | Lair:1   | Identified the +2 leather armour of Summer {Str+3 Slay+3} (You found it on level 1 of the Lair of Beasts)
 12903 | Lair:1   | Noticed Harold
 12970 | Lair:1   | Acquired Makhleb's third power
 13008 | Lair:1   | Banished Harold
 13008 | Lair:1   | Reached skill level 5 in Spellcasting
 13150 | Lair:1   | Reached skill level 1 in Evocations
 13230 | Lair:1   | Reached skill level 10 in Fire Magic
 13838 | Lair:1   | Acquired Makhleb's fourth power
 13960 | Lair:1   | Identified a scroll of acquirement
 13963 | Lair:1   | Got a steaming buckler
 13974 | Lair:1   | Identified the +3 buckler of Too Many Cooks {Str+2 Dex-3 Int+2} (You acquired it on level 1 of the Lair of Beasts)
 14436 | Lair:2   | Noticed trelanon's ghost (powerful VSAs)
 14580 | Lair:2   | Got a crude leather armour
 14596 | Lair:2   | Identified the +0 leather armour of the Flute {rF++ rC+ Int+2} (You found it on level 2 of the Lair of Beasts)
 14777 | Lair:2   | Learned a level 1 spell: Apportation
 14975 | Lair:3   | Reached skill level 1 in Translocations
 15193 | Lair:3   | Noticed a death yak
 15193 | Lair:3   | Noticed a death yak
 15194 | Lair:3   | Noticed a death yak
 15729 | Lair:3   | Learned a level 2 spell: Blink
 15924 | Lair:4   | Reached skill level 5 in Evocations
 15951 | Lair:4   | Found a labyrinth entrance.
 15959 | Lab      | Entered a labyrinth
 16214 | Lab      | Noticed a minotaur
 16222 | Lab      | Killed a minotaur
 16229 | Lab      | Got a twisted chain mail
 16241 | Lab      | Identified the cursed +7 chain mail of the Chupacabra {Slay+4} (You took it off a minotaur in a labyrinth)
 16306 | Lair:4   | Acquired Makhleb's fifth power
 16400 | Lair:4   | Reached XP level 13. HP: 78/78 MP: 28/28
 16527 | Lair:4   | Found a staircase to the Swamp.
 16599 | Lair:4   | Found a staircase to the Snake Pit.
 16625 | Lair:4   | Noticed Snorg
 16895 | Lair:4   | Noticed Erica
 16904 | Lair:4   | Killed Erica
 16904 | Lair:4   | Reached skill level 5 in Stealth
 17534 | Lair:5   | Noticed Rupert
 17986 | Lair:5   | Reached skill level 1 in Invocations
 19848 | Lair:7   | Noticed Maud
 19974 | Lair:7   | Got a brightly glowing robe
 20034 | Lair:7   | Identified the cursed -5 robe of Articulation {rN+} (You found it on level 7 of the Lair of Beasts)
 20280 | Lair:7   | Reached skill level 5 in Invocations
 20583 | Lair:7   | Killed Maud
 20583 | Lair:7   | Reached XP level 14. HP: 84/84 MP: 18/29
 20813 | Lair:8   | Entered Level 8 of the Lair of Beasts
 21357 | Lair:8   | Found a staircase to the Slime Pits.
 22006 | Lair:8   | Reached skill level 10 in Stealth
 23113 | D:12     | Found a staircase to the Orcish Mines.
 23134 | D:12     | Found a roughly hewn altar of Beogh.
 23923 | Orc:1    | Entered Level 1 of the Orcish Mines
 24186 | Orc:2    | Found an iron altar of Okawaru.
 24372 | Orc:2    | Found a flagged portal.
 24402 | Bailey   | Entered a bailey
 26195 | Orc:3    | Found a staircase to the Elven Halls.
 26413 | Orc:4    | Entered Level 4 of the Orcish Mines
 27004 | Orc:4    | Found a frozen archway.
 27016 | IceCv    | Entered an ice cave
 29189 | Orc:4    | Reached XP level 15. HP: 88/88 MP: 25/29
 29927 | Orc:4    | Reached skill level 10 in Evocations
 30026 | Orc:4    | Found Calerch's Assorted Antiques.
 30030 | Orc:4    | Found Duguoly's Weapon Shoppe.
 30032 | Orc:4    | Found Kaosuowo's Weapon Shoppe.
 30032 | Orc:4    | Found Cles Ar Echa's Antique Weapon Shoppe.
 30398 | Orc:1    | Reached skill level 10 in Invocations
 31391 | D:13     | Found a gate to the Vaults.
 31392 | D:13     | Noticed Josephine
 31394 | D:13     | Noticed Donald
 32031 | D:13     | Reached skill level 11 in Invocations
 32084 | D:13     | Banished Josephine
 33526 | D:13     | Noticed Erolcha
 33822 | D:13     | Reached skill level 12 in Invocations
 34073 | D:13     | Killed Donald
 34242 | D:13     | Got a steaming shield
 34253 | D:13     | Identified the +3 shield "Dyigiboo" {Str+3 Dex+5} (You acquired it on level 13 of the Dungeon)
 34538 | D:14     | Reached skill level 1 in Armour
 34785 | D:14     | Identified the Catalogue of Plaster Cramp
 34901 | D:14     | Identified the Catalogue of Axaxaxas mlö
 34912 | D:14     | Identified Ts'ui Pên's Incunabulum of Forking Paths
 35360 | D:15     | Entered Level 15 of the Dungeon
 35637 | D:15     | Reached XP level 16. HP: 93/93 MP: 31/32
 35941 | D:15     | Reached skill level 5 in Armour
 36044 | D:15     | Noticed trelanon's ghost (mighty VSBe)
 36142 | D:15     | Reached skill level 13 in Invocations
 36437 | D:15     | Got a silk robe
 36783 | D:15     | Banished trelanon's ghost
 37050 | D:15     | Identified the cursed -3 robe "Khe Couku" {rF+ rC++} (You found it on level 15 of the Dungeon)
 37459 | Swamp:1  | Entered Level 1 of the Swamp
 37671 | Swamp:1  | Noticed Sonja
 37756 | Swamp:1  | Killed Sonja
 38472 | Swamp:2  | Noticed a thorn hunter
 38483 | Swamp:2  | Banished a thorn hunter
 38771 | Swamp:2  | Got a twisted scale mail
 38786 | Swamp:2  | Identified the +4 scale mail of the Depths {Dex+1 Slay+3 SInv} (You found it on level 2 of the Swamp)
 39510 | Swamp:2  | Noticed Frances
 40014 | Swamp:3  | Reached skill level 14 in Invocations
 41057 | Swamp:4  | Noticed a thorn hunter
 41148 | Swamp:4  | Killed a thorn hunter
 41345 | Swamp:4  | Reached XP level 17. HP: 79/97 MP: 26/34
 41705 | Swamp:4  | Reached skill level 10 in Armour
 42185 | Swamp:5  | Entered Level 5 of the Swamp
 42760 | Swamp:5  | Noticed Mara
 43001 | Swamp:5  | Noticed magipi's illusion
 43314 | Swamp:5  | Got a decaying rune of Zot
 43339 | Swamp:4  | Learned a level 5 spell: Ignite Poison
 43569 | Lair:4   | Killed Snorg
 43669 | Snake:1  | Entered Level 1 of the Snake Pit
 43669 | Snake:1  | Found a basalt altar of Yredelemnul.
 43782 | Snake:1  | Reached skill level 1 in Transmutations
 46216 | Snake:2  | Reached skill level 5 in Transmutations
 47937 | Snake:3  | Killed from afar by a shock serpent

Action                   |  1- 3 |  4- 6 |  7- 9 | 10-12 | 13-15 | 16-18 || total
-------------------------+-------+-------+-------+-------+-------+-------++-------
Melee: Unarmed           |     4 |       |       |       |       |       ||     4
       Short sword       |    14 |    45 |    40 |       |       |       ||    99
       Dagger            |     1 |       |   154 |   484 |  1269 |   801 ||  2709
       Whip              |       |       |     7 |       |       |       ||     7
Throw: Javelin           |       |       |       |       |     1 |       ||     1
 Cast: Flame Tongue      |    42 |    68 |   110 |    43 |    10 |     5 ||   278
       Sticky Flame      |       |     5 |    40 |   104 |   248 |   172 ||   569
       Conjure Flame     |       |       |     9 |    18 |     7 |     5 ||    39
       Apportation       |       |       |       |     4 |       |       ||     4
       Fireball          |       |       |       |       |     3 |     2 ||     5
       Ignite Poison     |       |       |       |       |       |    10 ||    10
 Abil: Fly               |       |     1 |       |       |     2 |     1 ||     4
       Evoke Invisibilit |       |       |       |     5 |    70 |    48 ||   123
Evoke: Wand              |       |       |     4 |     6 |    20 |     5 ||    35
  Use: Scroll            |     3 |     9 |     8 |    12 |    20 |     9 ||    61
       Potion            |       |     2 |       |     1 |     5 |       ||     8
 Stab: Sleeping          |     1 |       |     3 |    17 |   230 |   100 ||   351
       Distracted        |       |       |     1 |       |    10 |     2 ||    13
       Invisible         |       |       |       |     5 |    38 |    31 ||    74
       Paralysed         |       |       |       |       |     4 |       ||     4
  Eat: Chunk             |     2 |     9 |    21 |    33 |    87 |    36 ||   188
       Pizza             |       |       |     1 |     1 |     2 |     1 ||     5
       Beef jerky        |       |       |       |     5 |     1 |     2 ||     8
       Fruit             |       |       |       |     3 |    10 |     4 ||    17
       Royal jelly       |       |       |       |     2 |     3 |     1 ||     6
       Bread ration      |       |       |       |       |     5 |     3 ||     8
       Meat ration       |       |       |       |       |       |     5 ||     5

Action                   |  1- 3 |  4- 6 |  7- 9 | 10-12 | 13-15 | 16-18 || total
-------------------------+-------+-------+-------+-------+-------+-------++-------
Melee: Unarmed           |     4 |       |       |       |       |       ||     4
       Short sword       |    14 |    45 |    40 |       |       |       ||    99
       Dagger            |     1 |       |   154 |   484 |  1269 |   801 ||  2709
       Whip              |       |       |     7 |       |       |       ||     7
Throw: Javelin           |       |       |       |       |     1 |       ||     1
 Cast: Flame Tongue      |    42 |    68 |   110 |    43 |    10 |     5 ||   278
       Sticky Flame      |       |     5 |    40 |   104 |   248 |   172 ||   569
       Conjure Flame     |       |       |     9 |    18 |     7 |     5 ||    39
       Apportation       |       |       |       |     4 |       |       ||     4
       Fireball          |       |       |       |       |     3 |     2 ||     5
       Ignite Poison     |       |       |       |       |       |    10 ||    10
 Abil: Fly               |       |     1 |       |       |     2 |     1 ||     4
       Evoke Invisibilit |       |       |       |     5 |    70 |    48 ||   123
Evoke: Wand              |       |       |     4 |     6 |    20 |     5 ||    35
  Use: Scroll            |     3 |     9 |     8 |    12 |    20 |     9 ||    61
       Potion            |       |     2 |       |     1 |     5 |       ||     8
 Stab: Sleeping          |     1 |       |     3 |    17 |   230 |   100 ||   351
       Distracted        |       |       |     1 |       |    10 |     2 ||    13
       Invisible         |       |       |       |     5 |    38 |    31 ||    74
       Paralysed         |       |       |       |       |     4 |       ||     4
  Eat: Chunk             |     2 |     9 |    21 |    33 |    87 |    36 ||   188
       Pizza             |       |       |     1 |     1 |     2 |     1 ||     5
       Beef jerky        |       |       |       |     5 |     1 |     2 ||     8
       Fruit             |       |       |       |     3 |    10 |     4 ||    17
       Royal jelly       |       |       |       |     2 |     3 |     1 ||     6
       Bread ration      |       |       |       |       |     5 |     3 ||     8
       Meat ration       |       |       |       |       |       |     5 ||     5

Action                   |  1- 3 |  4- 6 |  7- 9 | 10-12 | 13-15 | 16-18 || total
-------------------------+-------+-------+-------+-------+-------+-------++-------
Melee: Unarmed           |     4 |       |       |       |       |       ||     4
       Short sword       |    14 |    45 |    40 |       |       |       ||    99
       Dagger            |     1 |       |   154 |   484 |  1269 |   801 ||  2709
       Whip              |       |       |     7 |       |       |       ||     7
Throw: Javelin           |       |       |       |       |     1 |       ||     1
 Cast: Flame Tongue      |    42 |    68 |   110 |    43 |    10 |     5 ||   278
       Sticky Flame      |       |     5 |    40 |   104 |   248 |   172 ||   569
       Conjure Flame     |       |       |     9 |    18 |     7 |     5 ||    39
       Apportation       |       |       |       |     4 |       |       ||     4
       Fireball          |       |       |       |       |     3 |     2 ||     5
       Ignite Poison     |       |       |       |       |       |    10 ||    10
 Abil: Fly               |       |     1 |       |       |     2 |     1 ||     4
       Evoke Invisibilit |       |       |       |     5 |    70 |    48 ||   123
Evoke: Wand              |       |       |     4 |     6 |    20 |     5 ||    35
  Use: Scroll            |     3 |     9 |     8 |    12 |    20 |     9 ||    61
       Potion            |       |     2 |       |     1 |     5 |       ||     8
 Stab: Sleeping          |     1 |       |     3 |    17 |   230 |   100 ||   351
       Distracted        |       |       |     1 |       |    10 |     2 ||    13
       Invisible         |       |       |       |     5 |    38 |    31 ||    74
       Paralysed         |       |       |       |       |     4 |       ||     4
  Eat: Chunk             |     2 |     9 |    21 |    33 |    87 |    36 ||   188
       Pizza             |       |       |     1 |     1 |     2 |     1 ||     5
       Beef jerky        |       |       |       |     5 |     1 |     2 ||     8
       Fruit             |       |       |       |     3 |    10 |     4 ||    17
       Royal jelly       |       |       |       |     2 |     3 |     1 ||     6
       Bread ration      |       |       |       |       |     5 |     3 ||     8
       Meat ration       |       |       |       |       |       |     5 ||     5
